 Dungeon Crawl Stone Soup version 0.26.0-18-gc5c842f807 (webtiles) character file.

Game seed: 5011807169999908613

34 lessens the Insei (level 3, 0/23 HPs)
             Began as an Octopode Transmuter on Jan 23, 2021.
             Slain by an adder (2 damage)
             ... on level 2 of the Dungeon.
             The game lasted 00:01:16 (1205 turns).

lessens the Insei (Octopode Transmuter)             Turns: 1205, Time: 00:01:16

Health: 0/23       AC:  1    Str: 10    XL:     3   Next: 31%
Magic:  6/6        EV: 13    Int: 15    God:
Gold:   100        SH:  0    Dex: 12    Spells: 5/6 levels left

rFire    + . .     SeeInvis .     - Unarmed
rCold    + . .     Faith    .   (no shield)
rNeg     . . .     Spirit   .   (helmet restricted)
rPois    +         Reflect  .   (no amulet)
rElec    +         Harm     .   (no ring)
rCorr    +         Rampage  .   (no ring)
Will     .....                  (no ring)
Stlth    ++........             (no ring)
HPRegen  0.07/turn              (no ring)
MPRegen  0.10/turn              (no ring)
                                (no ring)
                                (no ring)

@: resistant, flying
A: almost no armour, stealthy swim, amphibious, 8 rings, constrict 8, camouflage
1, gelatinous body 1
a: no special abilities


You were on level 2 of the Dungeon.
You visited 1 branch of the dungeon, and saw 2 of its levels.

You collected 100 gold pieces.

Inventory:

Missiles
 d - 56 stones
Jewellery
 c - an uncursed ring of stealth {unknown}
 i - an uncursed ring of magical power {unknown}
Scrolls
 a - a scroll of magic mapping {unknown}
 b - 2 scrolls of teleportation {unknown}
 e - 2 scrolls of remove curse {unknown}
 f - a scroll of fear {unknown}
 j - 2 scrolls of amnesia {unknown}
 k - a scroll of identify {unknown}


   Skills:
 - Level 1.0 Fighting
 - Level 2.0 Dodging
 * Level 3.9 Unarmed Combat
 - Level 2.0 Spellcasting
 + Level 2.5 Transmutations


You had 5 spell levels left.
You knew the following spells:

 Your Spells              Type           Power        Failure   Level
a - Beastly Appendage     Tmut           18%          8%          1

Your spell library contained the following spells:

 Spells                   Type           Power        Failure   Level
 Wereblood                Tmut           9%           12%         2
 Spider Form              Tmut/Pois      2%           36%         3
 Ice Form                 Ice/Tmut       5%           78%         4
 Blade Hands              Tmut           4%           91%         5


Dungeon Overview and Level Annotations

Branches:
Dungeon (2/15)

Altars:
Dithmenos
Fedhas
Hepliaklqana
Wu Jian
Xom


Innate Abilities, Weirdness & Mutations

You cannot wear most types of armour.
You are very stealthy in the water. (Stealth+)
You are amphibious.
You can wear up to eight rings at the same time.
You can use your tentacles to constrict eight enemies at once.
Your skin changes colour to match your surroundings (Stealth+).
Your rubbery body absorbs attacks. (AC +1, EV +1)


Message History

Your grab misses the adder. Your squeeze misses the adder. The adder bites you.
You are too injured to fight recklessly!
You tentacle-slap the adder. Your grab misses the adder.
The adder is moderately wounded.
The adder bites you.
* * * LOW HITPOINT WARNING * * *
It was a potion of flight.
You feel very buoyant.
You fly up into the air.
The adder misses you. The adder barely misses you.
It was a potion of resistance.
You feel protected. The adder barely misses you.
You tentacle-slap the adder. Your grab misses the adder.
The adder is moderately wounded.
The adder bites you.
* * * LOW HITPOINT WARNING * * *
You tentacle-slap the adder. Your grab misses the adder.
The adder is severely wounded.
The adder bites you.
You die...

#......#$.............
##?........####.........
#..........####.........
#..........#.(..........
....>........#..........
...........##...........
........................
......†...##............
#.....S@...#..........#
...........#<.........#
#..........#..........
.........†........!..#
..........[##........
#.........##.........
###......## .........
#...##.. .g..... #...
### .......


You could see an adder.

Vanquished Creatures
  A leopard gecko (D:1)
  3 bats
  7 goblins (D:1)
  6 hobgoblins
  4 jackals (D:1)
  2 kobolds (D:1)
  A quokka (D:2)
  2 frilled lizards (D:1)
26 creatures vanquished.

Notes
Turn   | Place    | Note
-------+----------+-------------------------------------------
     0 | D:1      | lessens the Octopode Transmuter began the quest for the
                  | Orb.
     0 | D:1      | Reached XP level 1. HP: 13/13 MP: 3/3
    37 | D:1      | You fall into a shaft and drop 1 floor!
    71 | D:1      | Reached XP level 2. HP: 12/18 MP: 5/5
   752 | D:1      | Reached XP level 3. HP: 23/23 MP: 6/6
   890 | D:1      | Found a shimmering altar of Xom.
  1049 | D:1      | Found a shadowy altar of Dithmenos.
  1049 | D:1      | Found a sparkling altar of Nemelex Xobeh.
  1051 | D:1      | Found a blossoming altar of Fedhas.
  1051 | D:1      | Found a hazy altar of Hepliaklqana.
  1051 | D:1      | Found an ornate altar of the Wu Jian Council.
  1205 | D:2      | Slain by an adder

Illustrated notes

Levels and vault maps discovered:
D:1:      dpeg_arrival_line_fractal, layout_basic, doesnt_xom_only_xom
D:2:      layout_rooms

Action                   || total
-------------------------++-------
Melee: Unarmed           ||    63
       Constrict         ||    16
       Tentacles         ||    11
  Use: Potion            ||     2
 Stab: Sleeping          ||     4
Armor: Skin              ||     6
Dodge: Dodged            ||    41
